 Dungeon Crawl Stone Soup version 0.24-a0-412-ge138f7e (webtiles) character file.

Game seed: 17766206324575121542

1451 Deathlysoul the Shield-Bearer (level 8, -1/71 HPs)
             Began as a Minotaur Fighter on June 7, 2019.
             Was a Believer of Okawaru.
             Slain by an orc warrior
             ... wielding a +2 war axe of electrocution
              (7 damage)
             ... on level 6 of the Dungeon.
             The game lasted 00:07:06 (6533 turns).

Deathlysoul the Shield-Bearer (Minotaur Fighter)    Turns: 6533, Time: 00:07:07

Health: -1/71      AC:  7    Str: 22    XL:     8   Next: 47%
Magic:  7/7        EV:  8    Int:  5    God:    Okawaru [**....]
Gold:   413        SH: 10    Dex: 11    Spells: 7/7 levels left

rFire    . . .     SeeInvis .   a - +0 flail
rCold    . . .     Gourm    .   c - +0 shield
rNeg     . . .     Faith    .   b - +0 scale mail
rPois    .         Spirit   .   (helmet restricted)
rElec    .         Reflect  .   (no cloak)
rCorr    .         Harm     .   (no gloves)
MR       .....                  (no boots)
Stlth    +.........             (no amulet)
HPRegen  0.21/turn              (no ring)
MPRegen  0.10/turn              (no ring)

@: no status effects
A: retaliatory headbutt, horns 2
a: Heroism, Renounce Religion


You were on level 6 of the Dungeon.
You worshipped Okawaru.
Okawaru was pleased with you.
You were not hungry.

You visited 1 branch of the dungeon, and saw 6 of its levels.
You also visited: Ossuary.

You collected 413 gold pieces.

Inventory:

Hand Weapons
 a - a +0 flail (weapon)
Armour
 b - a +0 scale mail (worn)
 c - a +0 shield (worn)
Jewellery
 l - an uncursed amulet of rage {unknown}
 n - a cursed +3 ring of evasion {unknown}
 p - an uncursed amulet of rage {unknown}
Wands
 D - a wand of polymorph (10)
Scrolls
 g - a scroll of random uselessness {unknown}
 h - 2 scrolls of enchant armour {unknown}
 i - 3 scrolls of remove curse {unknown}
 k - 5 scrolls of identify
 m - 2 scrolls of noise {unknown}
 q - 3 scrolls of teleportation
 r - a scroll of enchant weapon {unknown}
 s - 2 scrolls of magic mapping {unknown}
 y - 4 scrolls of amnesia {unknown}
 z - a scroll of fear {unknown}
 A - 2 scrolls of blinking {unknown}
 B - 2 scrolls of fog {unknown}
 G - a scroll of vulnerability {unknown}
Potions
 d - a potion of might
 e - 3 potions of cancellation {unknown}
 j - 4 potions of degeneration {unknown}
 o - 2 potions of flight {unknown}
 t - 2 potions of mutation {unknown}
 u - 2 potions of haste
 v - 3 potions of heal wounds {unknown}
 w - a potion of lignification {unknown}
 x - 5 potions of curing {unknown}
 C - a potion of agility {unknown}
 E - 2 potions of invisibility {unknown}
 F - a potion of ambrosia {unknown}
Comestibles
 f - 6 rations


   Skills:
 + Level 6.3 Fighting
 + Level 6.0 Maces & Flails
 + Level 6.4 Armour
 * Level 4.7 Stealth
 + Level 6.6 Shields


You had 7 spell levels left.
You didn't know any spells.
Your spell library contained the following spells:

 Spells                   Type           Power        Failure   Level  Hunger
 Shock                    Conj/Air       #...         98%         1    ##.....
 Swiftness                Chrm/Air       #.......     99%         2    ###....
 Static Discharge         Conj/Air       #.......     100%        3    ####...
 Airstrike                Air            #.........   100%        4    #####..
 Lightning Bolt           Conj/Air       #.........   100%        5    ######.


Dungeon Overview and Level Annotations

Branches:
Dungeon (6/15)             Temple (0/1) D:5

Altars:
Dithmenos
Elyvilon
Hepliaklqana
Okawaru
The Shining One

Annotations:
D:3 3 runed translucent doors, mistaj's ghost, amateur CeHu; strifetoe's ghost, amateur OpWz


Innate Abilities, Weirdness & Mutations

You reflexively headbutt those who attack you in melee.
You have a pair of horns on your head.


Message History

Things that are here:
a +0 club; a +0 ring mail; an orc corpse You hit the orc warrior but do no damage.
You headbutt the orc warrior, but do no damage.
The orc warrior hits you with a +2 war axe of electrocution!
You are electrocuted!
You closely miss the orc warrior.
The orc warrior hits you with a +2 war axe of electrocution.
You are electrocuted!!
* * * LOW HITPOINT WARNING * * *
You hit the orc warrior.
The orc warrior is lightly wounded.
The orc warrior hits you with a +2 war axe of electrocution.
* * * LOW HITPOINT WARNING * * *
You sock the orc warrior!
The orc warrior is heavily wounded.
You sock the orc warrior!
The orc warrior is almost dead.
The orc warrior hits you with a +2 war axe of electrocution!
You die...

......# ......#
. ##..... ..
..... #.# #...#
#... ...#
####..##)(#
......o@.>#
####..##).###.#.
...............
####.###<.######
##.# .# .# .# .#


You could see an orc warrior.

Vanquished Creatures
  Menkaure (Ossuary)
  An ice beast (D:5)
  3 ogres
  A bullfrog (D:6)
  A howler monkey (D:4)
  A crimson imp (D:5)
  4 centaur zombies (Ossuary)
  A bullfrog zombie (D:5)
  2 orc priests (D:4)
  An iguana (D:4)
  3 orc wizards
  6 worker ants
  An ogre zombie (Ossuary)
  A big kobold zombie (Ossuary)
  Robin (D:2)
  6 mummies (Ossuary)
  A howler monkey skeleton (D:4)
  3 adders (D:3)
  A shadow imp (D:4)
  2 oozes
  5 adder zombies
  5 worms
  3 dart slugs
  4 leopard geckos
  20 orcs
  A ball python (D:1)
  9 giant cockroaches
  A gnoll zombie (Ossuary)
  20 goblins
  10 hobgoblins
  5 jackals
  4 quokkas
  6 bats
  4 frilled lizards
  5 goblin zombies (Ossuary)
  2 hobgoblin zombies (Ossuary)
  7 kobolds
  3 kobold zombies (Ossuary)
  A quokka zombie (Ossuary)
  4 rats
  8 rat zombies (Ossuary)
168 creatures vanquished.

Notes
Turn   | Place    | Note
-------+----------+-------------------------------------------
     0 | D:1      | Deathlysoul the Minotaur Fighter began the quest for the
                  | Orb.
     0 | D:1      | Reached XP level 1. HP: 19/19 MP: 0/0
    52 | D:1      | Reached XP level 2. HP: 18/27 MP: 1/1
   451 | D:1      | Reached XP level 3. HP: 33/33 MP: 2/2
   681 | D:2      | Found a glowing golden altar of the Shining One.
   781 | D:2      | Noticed Robin
   810 | D:2      | Killed Robin
   810 | D:2      | Reached XP level 4. HP: 25/40 MP: 3/3
  1097 | D:2      | Found a shadowy altar of Dithmenos.
  1521 | D:3      | Found a white marble altar of Elyvilon.
  1676 | D:3      | Found an iron altar of Okawaru.
  1757 | D:3      | Became a worshipper of Warmaster Okawaru
  1759 | D:3      | Reached XP level 5. HP: 32/47 MP: 4/4
  1966 | D:3      | Found a runed translucent gate.
  1966 | D:3      | Found a runed translucent gate.
  1966 | D:3      | Noticed mistaj's ghost (amateur CeHu)
  1967 | D:3      | Found a runed translucent gate.
  1967 | D:3      | Noticed strifetoe's ghost (amateur OpWz)
  2214 | D:3      | Found a hazy altar of Hepliaklqana.
  2415 | D:4      | Reached skill level 1 in Stealth
  2415 | D:4      | Reached skill level 5 in Shields
  2526 | D:4      | Reached XP level 6. HP: 43/55 MP: 5/5
  2534 | D:4      | Reached skill level 5 in Fighting
  2810 | D:4      | Reached * piety under Okawaru
  2810 | D:4      | Reached skill level 5 in Armour
  3571 | D:4      | Reached XP level 7. HP: 40/61 MP: 6/6
  3869 | D:5      | Entered Level 5 of the Dungeon
  4025 | D:5      | Reached skill level 5 in Maces & Flails
  4133 | D:5      | Found a staircase to the Ecumenical Temple.
  4180 | D:5      | Reached ** piety under Okawaru
  4426 | D:5      | Found a sand-covered staircase.
  4436 | Ossuary  | Entered an ossuary
  4704 | Ossuary  | Noticed Menkaure
  4740 | Ossuary  | Killed Menkaure
  4740 | Ossuary  | Reached XP level 8. HP: 14/70 MP: 7/7
  6533 | D:6      | Slain by an orc warrior

Levels and vault maps discovered:
D:1:      minmay_arrival_diagonal_passages, layout_basic, minivault_23
D:2:      minmay_wonky_spiral, layout_basic, first_ration, minivault_27,
          kennysheep_flooded_box, chequers_arboretum, tso_altar, uniq_robin
D:3:      layout_loops_ring, okawaru_metal_pillars_1_2,
          nicolae_overflow_crystal_walls, gammafunk_ghost_cemetery,
          lemuel_altar_in_water
D:4:      layout_loops_ring, minmay_tree_intersection
D:5:      layout_basic, minmay_temple_entry_glass, serial_rivers,
          chequers_serial_rivers_room_b, chequers_serial_rivers_micro_d,
          chequers_serial_rivers_micro_a, chequers_serial_rivers_small_a,
          lightli_ossuary_entry_decrepit_ruins, corexii_hall_statues_u
D:6:      layout_basic, chequers_temple_overflow_statue_of_worship,
          dk_xom_monty_hall

Skill      XL: |  1  2  3  4  5  6  7  8 |
---------------+-------------------------+-----
Fighting       | 4 5 6 |  6.3
Shields        | 4 5 6 |  6.6
Maces & Flails | 3 4 5 6 |  6.0
Armour         | 4 5 6 |  6.4
Stealth        | 1 2 3 4 |  4.7

Action                   |  1- 3 |  4- 6 |  7- 9 || total
-------------------------+-------+-------+-------++-------
Melee: Flail             |   103 |   189 |   203 ||   495
       Headbutt          |    11 |    49 |    35 ||    95
  Use: Scroll            |       |       |     2 ||     2
       Potion            |       |       |     1 ||     1
 Stab: Sleeping          |       |       |     1 ||     1
  Eat: Chunk             |       |     6 |     2 ||     8
       Ration            |       |     1 |     2 ||     3
Armor: Scale mail        |    44 |    56 |    51 ||   151
Dodge: Dodged            |    39 |    51 |    55 ||   145
Block: Shield            |    66 |    90 |    78 ||   234

Table legend:
 A = Non-vault XP
 B = Vault XP
 C = Vault XP percentage of total XP
 D = Non-vault monster count
 E = Vault monster count
 F = Vault count percentage of total count
                 A         B        C        D         E       F
            +---------+---------+-------+---------+---------+-------
      Total |    1464 |     610 |  29.4 |     117 |      51 |  30.4
            +---------+---------+-------+---------+---------+-------
        D:1 |      51 |       0 |   0.0 |      24 |       0 |   0.0
        D:2 |      28 |      43 |  60.6 |      13 |      14 |  51.9
        D:3 |     156 |       0 |   0.0 |      38 |       0 |   0.0
        D:4 |     582 |       0 |   0.0 |      20 |       0 |   0.0
        D:5 |     539 |       0 |   0.0 |      17 |       0 |   0.0
        D:6 |     108 |       0 |   0.0 |       5 |       0 |   0.0
    Ossuary |       0 |     567 | 100.0 |       0 |      37 | 100.0
            +---------+---------+-------+---------+---------+-------
